[Event "MCR zen 2022"]
[Site "Hotel Opera, Jaroměřice nad Rokytnou, Czech Republic"]
[Date "????.??.??"]
[Round "3.1"]
[White "Novosadova, Kristyna"]
[Black "Pilsova, Karolina"]
[Result "0-1"]
[TimeControl "90 min/40 moves + 30 min + 30s/move"]
[WhiteElo "2147"]
[BlackElo "2229"]

1. e4 e5 2. Nf3 Nc6 3. Bc4 Nf6 4. d4 exd4 5. e5 d5 6. Bb5 Nd7 7. O-O Be7 8. e6 fxe6 9. Bxc6 bxc6 10.
Nxd4 Nb8 11. Qh5+ g6 12. Qh6 c5 13. Nf3 Nc6 14. Re1 Nd4 15. Nxd4 cxd4 16. Bf4 Bf8 17. Qh3 Bd6 18. Be5 O-O 19.
Nd2 Qg5 20. Bxd6 cxd6 21. Rad1 Qf4 22. Qg3 e5 23. Qxf4 Rxf4 24. g3 Rf7 25. f4 Bg4 26. fxe5 Bxd1 27. e6 Rc7 28. Rxd1 Rxc2 29.
Nf3 Rxb2 30. Nxd4 Re8 31. a3 Kg7 32. g4 Kf6 33. Re1 a6 34. h4 h6 35. a4 Ra2 36. a5 Ra4 0-1

[Event "MCR zen 2022"]
[Site "Hotel Opera, Jaroměřice nad Rokytnou, Czech Republic"]
[Date "????.??.??"]
[Round "3.2"]
[White "Koubova, Anna Marie"]
[Black "Sikorova, Olga"]
[Result "1-0"]
[TimeControl "90 min/40 moves + 30 min + 30s/move"]
[WhiteElo "2115"]
[BlackElo "2173"]

1. d4 Nf6 2. c4 e6 3. Nf3 c5 4. Nc3 cxd4 5. Nxd4 a6 6. e4 Qc7 7. Be2 b6 8. O-O Bb7 9. Bd3 Nc6 10.
Nf3 Bd6 11. h3 Ne5 12. Be3 h5 13. Nxe5 Bxe5 14. Na4 Nxe4 15. Nxb6 Rb8 16. Rc1 Nf6 17. Be2 g5 18. b4 g4 19.
h4 Ne4 20. c5 Bc6 21. Qe1 Bf6 22. Bd3 Rxb6 23. cxb6 Qb7 24. Bxe4 Bxe4 25. Rc7 Qd5 26. Qd1 Bd3 27. Re1 O-O 28.
Rc5 Qe4 29. Bh6 Qxb4 30. Bxf8 Kxf8 31. b7 Kg7 32. b8=Q Qxb8 33. Qxd3 g3 34. fxg3 Qb6 35. Qe3 d5 36. Kh1 d4 37.
Rg5+ Kf8 38. Qa3+ Be7 39. Rg8+ Kxg8 40. Qxe7 1-0

[Event "MCR zen 2022"]
[Site "Hotel Opera, Jaroměřice nad Rokytnou, Czech Republic"]
[Date "????.??.??"]
[Round "3.3"]
[White "Trasakova, Adela"]
[Black "Lhotska, Anna"]
[Result "0-1"]
[TimeControl "90 min/40 moves + 30 min + 30s/move"]
[WhiteElo "1842"]
[BlackElo "2029"]

1. d4 d5 2. Nf3 Nf6 3. g3 e6 4. Bg2 b5 5. O-O Nbd7 6. a4 b4 7. c4 bxc3 8. Nxc3 Be7 9. Bf4 c6 10.
a5 Ba6 11. Qa4 Rc8 12. Rfc1 O-O 13. b4 h6 14. b5 cxb5 15. Nxb5 Rxc1+ 16. Rxc1 g5 17. Bc7 Qa8 18. Be5 Rc8 19.
Rc7 Bd8 20. Rxc8 Qxc8 21. Bf1 Qc6 22. e3 Ne4 23. g4 Qc1 24. Bg3 Qb1 25. h3 Ndf6 26. Kg2 Nxg3 27. fxg3 Qb2+ 28. Kh1 Qf2 29.
Bg2 Ne4 30. Nd6 Nxd6 31. Qc6 Bf1 32.
Bxf1 Qxf1+ 33. Ng1 Ne4 34. Qe8+ Kg7 35. Qxd8 Nxg3+ 36. Kh2 Qf2# 0-1

[Event "MCR zen 2022"]
[Site "Hotel Opera, Jaroměřice nad Rokytnou, Czech Republic"]
[Date "????.??.??"]
[Round "3.4"]
[White "Richterova, Natasa"]
[Black "Petrova, Kristyna"]
[Result "1/2-1/2"]
[TimeControl "90 min/40 moves + 30 min + 30s/move"]
[WhiteElo "2181"]
[BlackElo "2264"]

1. Nf3 d5 2. c4 e6 3. e3 Nf6 4. Nc3 Be7 5. b3 O-O 6. Bb2 c5 7. cxd5 exd5 8. d4 Nc6 9. Be2 Bg4 10.
O-O Bxf3 11. Bxf3 cxd4 12. exd4 Re8 13. Re1 Qd7 14. a3 Qf5 15. b4 Bd6 16. Nb5 Rxe1+ 17. Qxe1 Re8 18. Qb1 Qxb1+ 19. Rxb1 Bb8 20. g3 a6 21.
Nc3 Nxd4 22. Bg2 Nc6 23. Nxd5 Nxd5 24. Bxd5 h5 25. h4 Ba7 26. Kf1 Rd8 27. Rd1 Kf8 28. Bc3 g6 29. Rd2 Rd7 30.
Ke2 Ke8 31. a4 Kf8 32. b5 axb5 33. axb5 Nd8 34. Ba5 Bc5 35. f3 b6 36. Bc3 Ke7 37. g4 Ne6 38. Kf1 1/2-1/2

[Event "MCR zen 2022"]
[Site "Hotel Opera, Jaroměřice nad Rokytnou, Czech Republic"]
[Date "????.??.??"]
[Round "3.5"]
[White "Zelbova, Lada"]
[Black "Nemcova, Karin"]
[Result "1-0"]
[TimeControl "90 min/40 moves + 30 min + 30s/move"]
[WhiteClock "00:10:29"]
[BlackClock "00:23:56"]
[WhiteElo "1967"]
[BlackElo "2181"]

1. e4 c5 2. Nf3 d6 3. d4 cxd4 4. Nxd4 Nf6 5. Nc3 a6 6. Be2 e5 7. Nb3 Be7 8. Be3 Be6 9. Nd5 Nbd7 10.
Qd3 Rc8 11. a4 O-O 12. O-O Nc5 13. Nxc5 dxc5 14. c4 Nd7 15. a5 Bg5 16. Rfd1 Bxe3 17. Qxe3 Qe8 18. Ra3 Nb8 19. Qb3 Bxd5 20.
cxd5 Qd7 21. Qg3 Qd6 22. Rb3 Nd7 23. Rxb7 Rb8 24. Ra7 Rxb2 25. Rxa6 Qb8 26. Bg4 Rb3 27. Qh4 Rb1 28. h3 Qb3 29.
Rxb1 Qxb1+ 30. Kh2 Qxe4 31. Qg3 f5 32. Bf3 Qd4 33. Ra7 Qa4 34. Bd1 Qb5 35. Qg5 g6 36. Qe7 Rf7 37. Qe8+ Kg7 38.
a6 c4 39. Qe6 c3 40. Rb7 c2 41. Bxc2 Qc4 42. Rxd7 Qf4+ 43. Kg1 Qc1+ 44. Bd1 Qxd1+ 45. Kh2 Rxd7 46. Qxd7+ Kh6 47. Qa7 Qxd5 48.
Qb6 f4 49. a7 Qa2 50. Qc5 1-0